 Dungeon Crawl Stone Soup version 0.23-a0-642-g3120c2f (webtiles) character file.

710 MisterFreud the Carver (level 7, 0/45 HPs)
             Began as an Octopode Gladiator on Dec 30, 2018.
             Slain by a scorpion (7 damage)
             ... on level 4 of the Dungeon.
             The game lasted 00:05:38 (3590 turns).

MisterFreud the Carver (Octopode Gladiator)         Turns: 3590, Time: 00:05:38

Health: 0/45       AC:  3    Str: 13    XL:     7   Next: 68%
Magic:  7/7        EV: 15    Int: 13    God:
Gold:   150        SH:  0    Dex: 13    Spells: 6/6 levels left

rFire    . . .     SeeInvis .   a - +0 long sword
rCold    . . .     Gourm    +   (no shield)
rNeg     . . .     Faith    .   g - +2 hat
rPois    .         Spirit   .   l - amulet of the gourmand
rElec    .         Reflect  .   y - ring of flight
rCorr    .         Harm     .   (no ring)
MR       .....                  (no ring)
Stlth    ++........             (no ring)
HPRegen  0.15/turn              (no ring)
MPRegen  0.10/turn              (no ring)
                                (no ring)
                                (no ring)

@: no status effects
A: almost no armour, stealthy swim, amphibious, 8 rings, constrict 8, camouflage
1, gelatinous body 1
a: Evoke Flight


You were on level 4 of the Dungeon.
You were very full.

You visited 1 branch of the dungeon, and saw 4 of its levels.

You collected 150 gold pieces.

Inventory:

Hand Weapons
 a - a +0 long sword (weapon)
Missiles
 c - 5 throwing nets (quivered)
 h - 39 sling bullets
 i - 170 stones
 m - 52 arrows
 u - 31 poisoned needles
Armour
 b - a +0 hat
 g - a +2 hat (worn)
 p - a +0 buckler
Jewellery
 l - an amulet of the gourmand (around mantle)
 y - a ring of flight (left tentacle)
Scrolls
 e - 2 scrolls of enchant armour {unknown}
 f - a scroll of magic mapping {unknown}
 j - 6 scrolls of identify {unknown}
 n - 2 scrolls of teleportation {unknown}
 r - a scroll of amnesia {unknown}
 s - a scroll of remove curse {unknown}
 t - a scroll of random uselessness {unknown}
 v - a scroll of enchant weapon {unknown}
 w - a scroll of immolation {unknown}
Potions
 k - a potion of lignification
 q - a potion of brilliance {unknown}
Comestibles
 d - 10 rations


   Skills:
 - Level 2.0 Fighting
 - Level 8.0 Long Blades
 - Level 2.0 Throwing
 + Level 3.8 Dodging
 + Level 2.1 Shields


You had 6 spell levels left.
You didn't know any spells.
Your spell library was empty.

Dungeon Overview and Level Annotations

Branches:
Dungeon (4/15)
 Temple: D:4-7

Altars:
Gozag
Okawaru


Innate Abilities, Weirdness & Mutations

You cannot wear most types of armour.
You are very stealthy in the water. (Stealth+)
You are amphibious.
You can wear up to eight rings at the same time.
You can use your tentacles to constrict eight enemies at once.
Your skin changes colour to match your surroundings (Stealth+).
Your rubbery body absorbs attacks. (AC +1, EV +1)


Message History

Your Shields skill increases to level 2!
You slash the orc wizard! You grab the orc wizard.
The orc wizard is heavily wounded.
You constrict the orc wizard.
The orc wizard struggles to escape constriction.
You hit the orc wizard.
The orc wizard is almost dead.
You constrict the orc wizard.
The orc wizard escapes!
You completely miss the orc wizard. Your grab misses the orc wizard.
Your squeeze misses the orc wizard.
The orc wizard is almost dead.
The orc wizard misses you. The orc barely misses you.
You riposte.
You slash the orc!
You kill the orc!
The orc wizard hits you with a +0 dagger.
* * * LOW HITPOINT WARNING * * *
You hit the orc wizard.
You kill the orc wizard!
The scorpion stings you!
You die...

#. #..o.....†......
.##.#####.#.....#######.
.........!..........#
.##.#.....#####o.###.#
..........#...)..# #...
..#.....##o###.## #.#
#... .........##.#.#.#
#.# #. #...
.........##.#.#.# #.#
#.##...
.........##.#@#.####.#
..#...
.......####.))s....#.#
#.#... .......
#######.##.#.# #.....
....... ...........#.#
#..#. .......
########.###'#####..##
...................#.
##.........÷.....#.#.
........
#............)..#.#.
.......
#........#.######...


You could see a scorpion.

Vanquished Creatures
  Grinder (D:3)
  A howler monkey (D:4)
  4 orc priests (D:4)
  2 orc wizards
  2 worker ants (D:3)
  Natasha (thrice) (D:3)
  3 gnolls (D:3)
  9 adders
  An ooze (D:2)
  A worm (D:2)
  A dart slug (D:2)
  2 leopard geckos
  17 orcs
  3 giant cockroaches
  4 goblins (D:3)
  3 hobgoblins
  A ball python (D:3)
  5 bats
  5 frilled lizards
  5 kobolds
  3 rats
76 creatures vanquished.

Notes
Turn   | Place    | Note
-------+----------+-------------------------------------------
     0 | D:1      | MisterFreud the Octopode Gladiator began the quest for the
                  | Orb.
     0 | D:1      | Reached XP level 1. HP: 14/14 MP: 1/1
  1001 | D:2      | Found an opulent altar of Gozag.
  1074 | D:2      | Reached XP level 2. HP: 19/19 MP: 2/2
  1232 | D:2      | Reached skill level 4 in Long Blades
  1232 | D:2      | Reached XP level 3. HP: 17/24 MP: 3/3
  1726 | D:2      | Reached XP level 4. HP: 29/29 MP: 4/4
  1949 | D:3      | Reached skill level 5 in Long Blades
  1989 | D:3      | Noticed Natasha
  1995 | D:3      | Killed Natasha
  1995 | D:3      | Reached XP level 5. HP: 26/34 MP: 5/5
  2082 | D:3      | Noticed Natasha
  2093 | D:3      | Killed Natasha
  2093 | D:3      | Reached skill level 6 in Long Blades
  2215 | D:3      | Found an iron altar of Okawaru.
  2363 | D:3      | Noticed Grinder
  2374 | D:3      | Killed Grinder
  2374 | D:3      | Reached skill level 7 in Long Blades
  2374 | D:3      | Reached XP level 6. HP: 22/39 MP: 6/6
  2596 | D:3      | Noticed Natasha
  2607 | D:3      | Killed Natasha
  2695 | D:3      | Reached XP level 7. HP: 22/45 MP: 7/7
  3160 | D:3      | Reached skill level 8 in Long Blades
  3522 | D:4      | Reached skill level 1 in Shields
  3590 | D:4      | Slain by a scorpion

Vault maps used:
D:1:      saegor_arrival_under_anarchy
D:2:      first_ration, grunt_gozag_statues
D:3:      okawaru_ov_weapons_minmay, uniq_natasha, uniq_grinder

Skill      XL: |  1  2  3  4  5  6  7 |
---------------+----------------------+-----
Long Blades    | 4 5 7 8 |  8.0
Shields        | 2 |  2.1
Fighting       | |  2.0
Throwing       | |  2.0
Dodging        | |  3.8

Action                   |  1- 3 |  4- 6 |  7- 9 || total
-------------------------+-------+-------+-------++-------
Melee: Long sword        |    35 |    71 |    95 ||   201
       Constrict         |    13 |    23 |    21 ||    57
       Tentacles         |     5 |    15 |    14 ||    34
  Use: Potion            |       |       |     5 ||     5
 Stab: Sleeping          |     4 |       |       ||     4
       Distracted        |       |     1 |       ||     1
  Eat: Chunk             |     2 |     3 |    13 ||    18
Armor: Skin              |    11 |    10 |    68 ||    89
Dodge: Dodged            |    23 |    51 |    53 ||   127
       Rpst.: Long sword |     6 |    17 |    20 ||    43

Table legend:
 A = Non-vault XP
 B = Vault XP
 C = Vault XP percentage of total XP
 D = Non-vault monster count
 E = Vault monster count
 F = Vault count percentage of total count
                 A         B        C        D         E       F
            +---------+---------+-------+---------+---------+-------
      Total |     722 |     293 |  28.9 |      74 |       2 |   2.6
            +---------+---------+-------+---------+---------+-------
        D:1 |       6 |       0 |   0.0 |       4 |       0 |   0.0
        D:2 |      79 |       0 |   0.0 |      15 |       0 |   0.0
        D:3 |     285 |     293 |  50.7 |      33 |       2 |   5.7
        D:4 |     352 |       0 |   0.0 |      22 |       0 |   0.0
            +---------+---------+-------+---------+---------+-------
